 Dungeon Crawl Stone Soup version 0.28-a0-796-gd4f0d3f9b2 (webtiles) character file.

Game seed: 9329732648321430192

8081 Decritt the Devout (level 11, 0/68 HPs)
             Began as a Gargoyle Earth Elementalist on Nov 6, 2021.
             Was a Priest of Zin.
             Slain by Snorg (17 damage)
             ... on level 10 of the Dungeon.
             The game lasted 00:58:44 (16564 turns).

Decritt the Devout (Gargoyle Earth Elementalist)   Turns: 16564, Time: 00:58:44

Health: 0/68       AC: 19    Str: 12    XL:     11   Next: 25%
Magic:  3/21       EV: 12    Int: 22    God:    Zin [***...]
Gold:   233        SH:  0    Dex: 10    Spells: 18/24 levels left

rFire   . . .      SeeInvis .   u - +2 spear (venom)
rCold   . . .      Faith    .   (no shield)
rNeg    + . .      Spirit   .   y - +0 steam dragon scales
rPois   ∞          Reflect  .   r - +1 helmet {Int+3}
rElec   +          Harm     .   C - +0 cloak
rCorr   .          Rampage  .   f - +0 pair of gloves
Will    .....                   w - +0 pair of boots
Stlth   ++........              j - amulet of the acrobat
HPRegen 0.21/turn               (no ring)
MPRegen 0.17/turn               (no ring)

@: about to teleport
A: sickness immunity, AC +8, negative energy resistance 1, electricity
resistance, torment resistance 1, petrification resistance
a: Renounce Religion, Recite, Vitalisation, Imprison, Donate Gold


You were on level 10 of the Dungeon.
You worshipped Zin.
Zin was most pleased with you.
You visited 2 branches of the dungeon, and saw 11 of its levels.

You collected 497 gold pieces.
You spent 115 gold pieces at shops.
You donated 149 gold pieces to Zin.

Inventory:

Hand Weapons
 l - a +0 morningstar
 o - a +2 trident of venom
 u - a +2 spear of venom (weapon)
Missiles
 a - 34 poisoned darts (quivered)
 c - 260 stones
 e - 3 javelins
 q - a throwing net
Armour
 f - a +0 pair of gloves (worn)
 p - a +0 leather armour of fire resistance
 r - a +1 helmet of intelligence (worn)
 w - a +0 pair of boots (worn)
 y - +0 steam dragon scales (worn)
 C - a +0 cloak (worn)
Jewellery
 j - an amulet of the acrobat (around neck)
Wands
 x - a wand of acid (5)
 A - a wand of flame (30)
 B - a wand of iceblast (21)
Scrolls
 b - a scroll of magic mapping
 i - 2 scrolls of teleportation
 m - 2 scrolls of fog
 s - 3 scrolls of enchant weapon
 t - a scroll of holy word
 v - 2 scrolls of brand weapon
 z - a scroll of fear
Potions
 d - 3 potions of curing
 g - 2 potions of mutation
 h - 2 potions of might
 k - 2 potions of magic
 n - 4 potions of attraction
 D - a potion of heal wounds {unknown}
 E - a potion of brilliance {unknown}


   Skills:
 - Level 8.0 Fighting
 - Level 1.1 Maces & Flails
 + Level 4.7 Armour
 + Level 4.0 Dodging
 - Level 2.1 Stealth
 - Level 7.1 Spellcasting
 - Level 7.3 Conjurations
 - Level 1.0 Translocations
 - Level 0.7 Transmutations
 * Level 8.0 Earth Magic
 + Level 8.2 Invocations


You had 18 spell levels left.
You knew the following spells:

 Your Spells              Type           Power      Damage    Failure   Level
a - Sandblast             Erth           86%        2d18      1%          1
b - Stone Arrow           Conj/Erth      82%        3d12      1%          3
c - Blink                 Tloc           24%        N/A       9%          2

Your spell library contained the following spells:

 Spells                   Type           Power      Damage    Failure   Level
 Passwall                 Tmut/Erth      22%        N/A       1%          2
 Petrify                  Tmut/Erth      27%        N/A       13%         4
 Lesser Beckoning         Tloc           12%        N/A       16%         3
 Animate Armour           Summ/Erth      50%        N/A       16%         4
 Manifold Assault         Tloc           12%        N/A       83%         5
 Lehudib's Crystal Spear  Conj/Erth      20%        10d6      100%        8


Dungeon Overview and Level Annotations

Branches:
Dungeon (10/15)            Temple (1/1) D:4
   Lair: D:8-11         Orc: D:9-12

Altars:
Ashenzari
Cheibriados
Dithmenos
Elyvilon
Fedhas
Gozag
Hepliaklqana
Kikubaaqudgha
Makhleb
Nemelex Xobeh
Okawaru
Qazlal
Ru
Sif Muna
Trog
Uskayaw
Vehumet
Wu Jian
Xom
Yredelemnul
Zin
The Shining One
Beogh

Shops:
D:6 **   D:9 *

Annotations:
D:3 3 runed translucent doors, dricus's ghost, amateur GrFi
D:8 3 runed translucent doors, GenialerGandalf's ghost, novice HOFi
D:10 Snorg


Innate Abilities, Weirdness & Mutations

You are immune to sickness and miasma.
Your stone body is resilient. (AC +8)
You are immune to poison.
You resist negative energy. (rN+)
You are resistant to electric shocks. (rElec)
You are resistant to unholy torment.
You are immune to petrification.


Message History

Aiming: Stone Arrow (safe; 1% risk of failure)
Press: ? - help, Shift-Dir - straight line, f/p - Snorg
Aim: Snorg (moderately wounded, dazed, 76% to hit)
The stone arrow hits Snorg!
Snorg is moderately wounded.
Snorg barely misses you. Snorg claws you but does no damage. x2
Casting: Stone Arrow (safe; 1% risk of failure)
Confirm with . or Enter, or press ? or * to list all spells.
Aiming: Stone Arrow (safe; 1% risk of failure)
Press: ? - help, Shift-Dir - straight line, f/p - Snorg
Aim: Snorg (moderately wounded, dazed, 76% to hit)
The stone arrow hits Snorg!!
Snorg is severely wounded.
Snorg goes berserk!
Casting: Stone Arrow (safe; 1% risk of failure)
Confirm with . or Enter, or press ? or * to list all spells.
Aiming: Stone Arrow (safe; 1% risk of failure)
Press: ? - help, Shift-Dir - straight line, f/p - Snorg
Aim: Snorg (heavily wounded, berserk, dazed, 76% to hit)
The stone arrow misses Snorg.
Snorg bites you!! Snorg closely misses you. Snorg claws you.
Snorg closely misses you. Snorg claws you!
* * * LOW HITPOINT WARNING * * *
Snorg claws you but does no damage.
Casting: Stone Arrow (safe; 1% risk of failure)
Confirm with . or Enter, or press ? or * to list all spells.
You blink.
Snorg is no longer dazed.
Snorg rages.
Snorg bites you but does no damage. Snorg completely misses you.
Snorg barely misses you.
You are ready to recite again.
You feel stable enough to blink again. Snorg misses you.
Snorg barely misses you. Snorg completely misses you.
Snorg rages.
Snorg bites you!
* * * LOW HITPOINT WARNING * * *
Snorg barely misses you. Snorg closely misses you.
You don't have enough magic at the moment.
Okay, then.
As you read the scroll of teleportation, it crumbles to dust.
You feel strangely unstable. Snorg bites you!
You die...

#################################
.................................
..................#..#......##..#
###............#................#
...............#.#'####.#.......#
###########....#.#....'..........
..........#.....@#....####.......
..........#.....T#.##.##.#......#
..........#.#....####.##.#......#
..........#.#..#....#....#......#
..........#.#.......#.##.#..##..#
..........#.#.......#.##.#..<....
..........#.#.......#.#..#...####
..........'.......#.#.#..#.#.#...
..........#.........######.#.#...


You could see Snorg (berserk).

Vanquished Creatures
  3 two-headed ogres
  Maurice (D:9)
  A troll (D:10)
  A hornet (D:7)
  Grinder (D:5)
  A shadow (D:10)
  2 wyverns
  Sigmund (D:2)
  A vampire (D:10)
  Eustachio (D:4)
  3 steam dragons
  Menkaure (D:6)
  An acid dragon (D:9)
  Duvessa (D:6)
  6 water moccasins
  2 ice beasts
  5 orc warriors
  A sky beast (D:8)
  An ogre (D:7)
  A centaur (D:6)
  2 necrophages
  3 bullfrogs
  2 kobold brigands
  A scorpion (D:5)
  2 wyvern skeletons (D:5)
  Dowan (D:6)
  3 wights
  8 killer bees (D:9)
  An electric eel (D:10)
  4 hounds
  A centaur zombie (D:5)
  3 gnoll shamans
  An orc priest (D:9)
  3 jellies
  2 iguanas
  10 orc wizards
  20 gnolls
  6 adders
  An ufetubus (D:6)
  An adder zombie (D:5)
  3 worms
  4 dart slugs
  31 orcs
  6 ball pythons
  3 bats
  6 endoplasms
  4 giant cockroaches
  13 goblins
  4 hobgoblins
  2 jackals (D:1)
  8 kobolds
  7 quokkas
  5 frilled lizards
  8 rats
214 creatures vanquished.

Notes
Turn   | Place    | Note
-------+----------+-------------------------------------------
     0 | D:1      | Decritt the Gargoyle Earth Elementalist began the quest for
                  | the Orb.
     0 | D:1      | Reached XP level 1. HP: 10/10 MP: 3/3
   308 | D:1      | Reached XP level 2. HP: 9/15 MP: 3/5
   764 | D:1      | Reached XP level 3. HP: 8/19 MP: 4/7
  1497 | D:2      | Reached skill level 1 in Fighting
  1614 | D:2      | Noticed Sigmund
  1624 | D:2      | Killed Sigmund
  1625 | D:2      | Reached skill level 5 in Earth Magic
  1625 | D:2      | Reached XP level 4. HP: 16/29 MP: 1/8
  1625 | D:2      | Reached XP level 5. HP: 18/33 MP: 1/9
  1629 | D:2      | Learned a level 3 spell: Stone Arrow
  2331 | D:2      | Reached XP level 6. HP: 38/38 MP: 10/10
  2609 | D:3      | Found a runed translucent gate.
  2609 | D:3      | Found a runed translucent gate.
  2609 | D:3      | Found a runed translucent gate.
  2625 | D:3      | Reached skill level 1 in Conjurations
  3427 | D:3      | Noticed dricus's ghost (amateur GrFi)
  3507 | D:3      | Found a faded altar of an unknown god.
  4694 | D:4      | Found a bloodstained altar of Trog.
  4701 | D:4      | Reached XP level 7. HP: 44/44 MP: 11/11
  5076 | D:4      | Found a sparkling altar of Nemelex Xobeh.
  5132 | D:4      | Found a stormy altar of Qazlal.
  5475 | D:4      | Found a staircase to the Ecumenical Temple.
  5611 | Temple   | Entered the Ecumenical Temple
  5699 | D:5      | Entered Level 5 of the Dungeon
  5727 | D:4      | HP: 1/44 [water moccasin (8)]
  5730 | D:4      | Reached skill level 5 in Fighting
  6255 | D:2      | HP: 2/44 [wight (3)]
  6721 | D:5      | Noticed Grinder
  6756 | D:5      | Paralysed by Grinder for 3 turns
  6766 | D:5      | Killed Grinder
  6767 | D:5      | Reached skill level 1 in Armour
  6767 | D:5      | Reached XP level 8. HP: 42/49 MP: 0/13
  7076 | D:5      | Found a broken altar of Ashenzari.
  7134 | D:5      | Noticed Eustachio
  7563 | D:4      | Killed Eustachio
  7931 | D:5      | Reached skill level 5 in Spellcasting
  8331 | D:5      | Found a glowing silver altar of Zin.
  8331 | D:5      | Found a radiant altar of Vehumet.
  8338 | D:5      | Became a worshipper of Zin the Law-Giver
  8338 | D:5      | Reached * piety under Zin
  8339 | D:5      | Donated 100 gold pieces to Zin
  8368 | D:6      | Found Vuul Ynk's Specific Store.
  8368 | D:6      | Found Gydutzy's General Store.
  8385 | D:5      | Reached XP level 9. HP: 49/54 MP: 17/17
  9118 | D:6      | Reached skill level 1 in Invocations
  9523 | D:6      | Found a shadowy altar of Dithmenos.
  9644 | D:6      | Noticed Menkaure
  9646 | D:6      | Killed Menkaure
  9762 | D:6      | You fall into a shaft and drop 1 floor!
  9880 | D:6      | Noticed Dowan
  9882 | D:6      | Noticed Duvessa
  9886 | D:6      | Killed Dowan
  9890 | D:6      | Killed Duvessa
 10206 | D:7      | Reached ** piety under Zin
 10462 | D:7      | Noticed a hornet
 10478 | D:7      | Reached skill level 5 in Invocations
 10480 | D:7      | Killed a hornet
 10613 | D:7      | Learned a level 2 spell: Blink
 10817 | D:7      | Reached XP level 10. HP: 49/60 MP: 19/19
 10954 | D:7      | Found a glowing golden altar of the Shining One.
 11077 | D:7      | Reached skill level 1 in Maces & Flails
 11205 | D:7      | Reached skill level 1 in Translocations
 11424 | D:8      | Found a runed translucent gate.
 11424 | D:8      | Found a runed translucent gate.
 11431 | D:8      | Found a runed translucent gate.
 11431 | D:8      | Noticed GenialerGandalf's ghost (novice HOFi)
 11436 | D:8      | Identified the +0 plate armour of Paranoia {Str+2 Int+5}
 11456 | D:8      | Noticed a two-headed ogre
 11460 | D:8      | Killed a two-headed ogre
 11461 | D:8      | Reached skill level 5 in Conjurations
 11798 | D:8      | Found a blossoming altar of Fedhas.
 12545 | D:9      | Noticed a two-headed ogre
 12555 | D:9      | Killed a two-headed ogre
 12957 | D:9      | Found Etwehoug's Assorted Antiques.
 13097 | D:6      | Bought a +0 helmet of intelligence for 115 gold pieces
 13914 | D:9      | Noticed Maurice
 13919 | D:9      | Killed Maurice
 14054 | D:9      | Reached XP level 11. HP: 67/67 MP: 20/20
 14246 | D:10     | Entered Level 10 of the Dungeon
 15094 | D:10     | Noticed Snorg
 15436 | D:10     | Noticed a two-headed ogre
 15447 | D:10     | Killed a two-headed ogre
 15674 | D:10     | Reached *** piety under Zin
 16564 | D:10     | Slain by Snorg

Illustrated notes

Levels and vault maps discovered:
D:1:      saegor_arrival_under_anarchy, layout_basic, kennysheep_small_spiral
D:2:      minmay_door_path, layout_loops_ring, uniq_sigmund
D:3:      layout_basic, gammafunk_ghost_necromancy, basic_ecumenical_altar,
          skrybe_limestone_x
D:4:      layout_loops_ring, mainiacjoe_overflow_tiny_flanked,
          nicolae_qazlal_scattered_showers, amcnicky_altar_gilded,
          minmay_temple_entry_enclosed_plants
D:5:      layout_gridville, lemuel_crystal_altar,
          gammafunk_temple_overflow_wave, grunt_ministairs_4, uniq_eustachio,
          uniq_grinder
D:6:      minmay_klotski, layout_basic, lemuel_tele_altar,
          nicolae_specific_store, uniq_menkaure, uniq_duvessa
D:7:      layout_loops_ring, kennysheep_mini
D:8:      layout_basic, fedhas_altar_1, biasface_ghost_orc_armoury
D:9:      layout_roguey, enter_bailey_5, serial_shops, nicolae_diamond_shop,
          uniq_maurice
D:10:     layout_stronghold, minivault_14, uniq_snorg
Temple:   nicolae_temple_god_jail

Skill      XL: |  1  2  3  4  5  6  7  8  9 10 11 |
---------------+----------------------------------+-----
Earth Magic    | 4 5 6 7 8 |  8.0
Spellcasting   | 3 5 6 7 |  7.1
Fighting       | 3 4 5 6 7 8 |  8.0
Conjurations   | 2 4 6 7 |  7.3
Armour         | 1 3 4 |  4.7
Dodging        | 2 3 4 |  4.0
Invocations    | 5 8 |  8.2
Maces & Flails | 1 |  1.1
Translocations | 1 |  1.0
Stealth        | |  2.1
Transmutations | |  0.7

Action                   |  1- 3 |  4- 6 |  7- 9 | 10-12 || total
-------------------------+-------+-------+-------+-------++-------
Melee: Unarmed           |     7 |       |       |       ||     7
       Club              |    30 |       |       |       ||    30
       Dagger            |     4 |       |       |       ||     4
       Mace              |    18 |       |       |       ||    18
       Scythe            |       |    97 |       |       ||    97
       Trident           |       |     5 |    85 |       ||    90
       Spear             |       |       |   127 |   159 ||   286
Throw: Dart              |    86 |    32 |    94 |    78 ||   290
 Cast: Sandblast         |    10 |    10 |    35 |     6 ||    61
       Stone Arrow       |       |       |    41 |    60 ||   101
       Blink             |       |       |       |     2 ||     2
Invok: Donate Gold       |       |       |     1 |       ||     1
       Recite            |       |       |     3 |    13 ||    16
       Vitalisation      |       |       |       |     1 ||     1
Evoke: Wand              |       |       |       |     9 ||     9
  Use: Scroll            |       |     3 |     9 |     9 ||    21
       Potion            |       |       |       |     2 ||     2
 Stab: Sleeping          |     1 |     1 |     2 |     2 ||     6
Armor: Robe              |    20 |     9 |       |       ||    29
       Ring mail         |       |    81 |       |       ||    81
       Leather armour    |       |       |   132 |       ||   132
       Steam dragon scal |       |       |     1 |   103 ||   104
Dodge: Dodged            |    38 |    74 |   214 |   141 ||   467

Table legend: (Time is in decaauts)
 A = Elapsed time spent in this place.
 B = Non-inter-level travel time spent in this place.
 C = Inter-level travel time spent in this place.
 D = Time resting spent in this place.
 E = Time spent auto-exploring this place.
 F = Levels seen in this place.
 G = Mean time per level.
                   A        B        C        D        E       F      G
               +--------+--------+--------+--------+--------+-----+--------+
         Total |  16756 |  16140 |    616 |   4774 |   8737 |  11 | 1523.3 |
       Dungeon |  16676 |  16078 |    598 |   4774 |   8713 |  10 | 1667.6 |
        Temple |     79 |     61 |     18 |      0 |     24 |   1 |   79.0 |
               +--------+--------+--------+--------+--------+-----+--------+

Top non-repeatable levels by time:
    D:10: 2322 daAuts
     D:3: 2280 daAuts
     D:5: 1922 daAuts
     D:4: 1917 daAuts
     D:9: 1581 daAuts
     D:1: 1487 daAuts
     D:2: 1400 daAuts
     D:7: 1308 daAuts
     D:8: 1265 daAuts
     D:6: 1191 daAuts
  Temple: 79 daAuts
